 Dungeon Crawl Stone Soup version 0.27.1 (webtiles) character file.

Game seed: 3916951919802676865

365 promet the Vexing (level 6, -1/47 HPs)
             Began as a Gnoll Arcane Marksman on Aug 23, 2021.
             Succumbed to a water moccasin's poison
             ... on level 4 of the Dungeon.
             The game lasted 00:35:31 (4832 turns).

promet the Vexing (Gnoll Arcane Marksman)           Turns: 4832, Time: 00:35:31

Health: -1/47      AC:  4    Str: 11    XL:     6   Next: 68%
Magic:  11/11      EV: 13    Int: 13    God:
Gold:   87         SH:  0    Dex: 12    Spells: 6/12 levels left

rFire    . . .     SeeInvis .   a - +1 halberd (freeze)
rCold    . . .     Faith    .   (shield currently unavailable)
rNeg     . . .     Spirit   .   l - +0 leather armour {rPois}
rPois    +         Reflect  .   (no helmet)
rElec    .         Harm     .   (no cloak)
rCorr    .         Rampage  .   (no gloves)
Will     .....                  n - +0 pair of boots
Stlth    ++........             (no amulet)
HPRegen  0.15/turn              (no ring)
MPRegen  0.12/turn              (no ring)

@: lethally poisoned (-1 -> -5)
A: fangs 1, strong nose, distributed training
a: no special abilities


You were on level 4 of the Dungeon.
You visited 1 branch of the dungeon, and saw 4 of its levels.

You collected 87 gold pieces.

Inventory:

Hand Weapons
 a - a +1 halberd of freezing (weapon)
 b - a +0 shortbow
 f - a +2 vampiric dagger
 j - a +0 vorpal hand axe
 m - a +0 hunting sling
Missiles
 c - 49 arrows
 e - 33 stones (quivered)
 g - 67 sling bullets
 h - a throwing net
Armour
 d - a +1 robe
 l - a +0 leather armour of poison resistance (worn)
 n - a +0 pair of boots (worn)
Scrolls
 i - 3 scrolls of identify


   Skills:
 + Level 3.3 Fighting
 + Level 2.1 Short Blades
 + Level 2.1 Long Blades
 + Level 2.1 Axes
 + Level 2.1 Maces & Flails
 + Level 2.1 Polearms
 + Level 2.1 Staves
 + Level 2.1 Slings
 + Level 5.0 Bows
 + Level 2.1 Crossbows
 + Level 2.1 Throwing
 + Level 2.1 Armour
 + Level 5.0 Dodging
 + Level 2.1 Stealth
 + Level 2.1 Shields
 + Level 2.1 Unarmed Combat
 + Level 3.5 Spellcasting
 + Level 1.6 Conjurations
 + Level 5.7 Hexes
 + Level 1.6 Summonings
 + Level 1.6 Necromancy
 + Level 1.6 Translocations
 + Level 1.6 Transmutations
 + Level 1.6 Fire Magic
 + Level 1.6 Ice Magic
 + Level 1.6 Air Magic
 + Level 1.6 Earth Magic
 + Level 1.6 Poison Magic
 + Level 2.3 Invocations
 + Level 2.1 Evocations


You had 6 spell levels left.
You knew the following spells:

 Your Spells              Type           Power      Damage    Failure   Level
a - Corona                Hex            18%        N/A       2%          1
b - Slow                  Hex            17%        N/A       4%          2
c - Portal Projectile     Hex/Tloc       22%        N/A       19%         3

Your spell library contained the following spells:

 Spells                   Type           Power      Damage    Failure   Level
 Dazzling Flash           Conj/Hex       22%        N/A       19%         3
 Inner Flame              Hex/Fire       11%        N/A       19%         3
 Cause Fear               Hex            8%         N/A       26%         4
 Iskenderun's Mystic Bla  Conj/Tloc      6%         2d4       82%         4
 Starburst                Conj/Fire      3%         6d3       100%        6


Dungeon Overview and Level Annotations

Branches:
Dungeon (4/15)
 Temple: D:4-7

Altars:

Shops:
D:4 *


Innate Abilities, Weirdness & Mutations

You have very sharp teeth.
Your uncanny sense of smell can sniff out nearby items.
Your experience applies equally to all skills.


Message History

You hit the water moccasin. You freeze the water moccasin.
Your bite misses the water moccasin.
The water moccasin is moderately wounded.
You feel very sick.
The water moccasin bites you but does no damage.
You barely miss the water moccasin.
The water moccasin is moderately wounded.
You feel very sick. The water moccasin bites you.
* * * LOW HITPOINT WARNING * * *
You are lethally poisoned!
The water moccasin poisons you! The water moccasin bites you.
* * * LOW HITPOINT WARNING * * *
You miss the water moccasin.
The water moccasin is moderately wounded.
* * * LOW HITPOINT WARNING * * *
You feel very sick.
The water moccasin completely misses you.
You hit the water moccasin.
The water moccasin seems to slow down.
You freeze the water moccasin.
You bite the water moccasin, but do no damage.
The water moccasin is heavily wounded.
* * * LOW HITPOINT WARNING * * *
You feel very sick. The water moccasin barely misses you.
Casting: Slow (safe; 4% risk of failure)
Confirm with . or Enter, or press ? or * to list all spells.
Okay, then.
You closely miss the water moccasin.
The water moccasin is heavily wounded.
* * * LOW HITPOINT WARNING * * *
You feel very sick. The water moccasin closely misses you.
You miss the water moccasin.
The water moccasin is heavily wounded.
* * * LOW HITPOINT WARNING * * *
You feel sick. The water moccasin barely misses you.
You miss the water moccasin.
The water moccasin is heavily wounded.
You die...

#### ###...###
#.'.∩.+.# #S#?..#..
#.#####.# #.###.#.#
# #SS@..#.##.#
#####......#
###.#### ###÷#
##+## #...# ##...#
####.##### ##.)<..
#........# ##......
#.##.....###.......
#.##.......'.......


You could see a water moccasin (slow) and a ball python.

Vanquished Creatures
  An ogre (D:3)
  A howler monkey (D:4)
  A centaur skeleton (D:4)
  Jessica (D:3)
  An iguana (D:4)
  4 gnolls
  4 adders (D:2)
  3 dart slugs
  5 orcs
  2 bats
  3 endoplasms (D:1)
  4 giant cockroaches
  16 goblins
  8 hobgoblins
  3 jackals (D:1)
  A kobold (D:1)
  A quokka (D:2)
  6 ball pythons
  6 frilled lizards
  9 rats
80 creatures vanquished.

Notes
Turn   | Place    | Note
-------+----------+-------------------------------------------
     0 | D:1      | promet the Gnoll Arcane Marksman began the quest for the
                  | Orb.
     0 | D:1      | Reached XP level 1. HP: 17/17 MP: 4/4
   120 | D:1      | Reached XP level 2. HP: 8/23 MP: 1/5
   365 | D:1      | Learned a level 2 spell: Slow
  1154 | D:1      | Reached XP level 3. HP: 28/28 MP: 4/7
  1471 | D:1      | Reached skill level 1 in Invocations
  2038 | D:2      | Reached skill level 1 in Short Blades
  2038 | D:2      | Reached skill level 1 in Long Blades
  2038 | D:2      | Reached skill level 1 in Axes
  2038 | D:2      | Reached skill level 1 in Maces & Flails
  2038 | D:2      | Reached skill level 1 in Polearms
  2038 | D:2      | Reached skill level 1 in Staves
  2038 | D:2      | Reached skill level 1 in Slings
  2038 | D:2      | Reached skill level 1 in Crossbows
  2038 | D:2      | Reached skill level 1 in Throwing
  2038 | D:2      | Reached skill level 1 in Armour
  2038 | D:2      | Reached skill level 1 in Stealth
  2038 | D:2      | Reached skill level 1 in Shields
  2038 | D:2      | Reached skill level 1 in Unarmed Combat
  2038 | D:2      | Reached skill level 1 in Evocations
  2122 | D:2      | Reached XP level 4. HP: 24/34 MP: 8/8
  2621 | D:2      | Reached skill level 1 in Conjurations
  2621 | D:2      | Reached skill level 1 in Summonings
  2621 | D:2      | Reached skill level 1 in Necromancy
  2621 | D:2      | Reached skill level 1 in Translocations
  2621 | D:2      | Reached skill level 1 in Transmutations
  2621 | D:2      | Reached skill level 1 in Fire Magic
  2621 | D:2      | Reached skill level 1 in Ice Magic
  2621 | D:2      | Reached skill level 1 in Air Magic
  2621 | D:2      | Reached skill level 1 in Earth Magic
  2621 | D:2      | Reached skill level 1 in Poison Magic
  3108 | D:3      | Noticed Jessica
  3113 | D:3      | Killed Jessica
  3114 | D:3      | Reached XP level 5. HP: 40/40 MP: 9/9
  3899 | D:3      | Noticed an ogre
  4294 | D:3      | Killed an ogre
  4295 | D:3      | Reached XP level 6. HP: 47/47 MP: 9/11
  4311 | D:3      | Learned a level 3 spell: Portal Projectile
  4547 | D:4      | Reached skill level 5 in Bows
  4547 | D:4      | Reached skill level 5 in Dodging
  4807 | D:4      | Found Letet's Serpentskin Sales.
  4807 | D:4      | Noticed a water moccasin
  4830 | D:4      | HP: 2/47 [poisoned by a water moccasin]
  4832 | D:4      | Succumbed to a water moccasin's poison

Illustrated notes

Levels and vault maps discovered:
D:1:      minmay_arrival_doors, layout_loops_ring, minmay_pentomino_x4
D:2:      layout_loops_ring, mrwooster_statue_mirror, nrook_mini_vaults
D:3:      layout_loops_ring, minmay_ogre_servants, uniq_jessica
D:4:      layout_loops_corners, mainiacjoe_overflow_brackets,
          guppyfry_shop_venom

Skill      XL: |  1  2  3  4  5  6 |
---------------+-------------------+-----
Invocations    | 1 2 |  2.3
Short Blades   | 1 2 |  2.1
Long Blades    | 1 2 |  2.1
Axes           | 1 2 |  2.1
Maces & Flails | 1 2 |  2.1
Polearms       | 1 2 |  2.1
Staves         | 1 2 |  2.1
Slings         | 1 2 |  2.1
Crossbows      | 1 2 |  2.1
Throwing       | 1 2 |  2.1
Armour         | 1 2 |  2.1
Stealth        | 1 2 |  2.1
Shields        | 1 2 |  2.1
Unarmed Combat | 1 2 |  2.1
Evocations     | 1 2 |  2.1
Spellcasting   | 3 |  3.5
Conjurations   | 1 |  1.6
Summonings     | 1 |  1.6
Necromancy     | 1 |  1.6
Translocations | 1 |  1.6
Transmutations | 1 |  1.6
Fire Magic     | 1 |  1.6
Ice Magic      | 1 |  1.6
Air Magic      | 1 |  1.6
Earth Magic    | 1 |  1.6
Poison Magic   | 1 |  1.6
Fighting       | 3 |  3.3
Bows           | 5 |  5.0
Dodging        | 5 |  5.0
Hexes          | |  5.7

Action                   |  1- 3 |  4- 6 || total
-------------------------+-------+-------++-------
Melee: Unarmed           |     4 |       ||     4
       Bite              |     5 |     4 ||     9
       Dagger            |    21 |       ||    21
       Halberd           |    55 |    85 ||   140
 Fire: Shortbow          |    32 |    37 ||    69
Throw: Stone             |     3 |     1 ||     4
 Cast: Corona            |    33 |     9 ||    42
       Slow              |    12 |    10 ||    22
  Use: Scroll            |     5 |       ||     5
       Potion            |     2 |     4 ||     6
 Stab: Sleeping          |     1 |       ||     1
Armor: Robe              |    16 |     3 ||    19
       Leather armour    |       |    11 ||    11
Dodge: Dodged            |    46 |    66 ||   112
